Map: Hard Lead LE

Players

VaicaLazair

  • Race: Terran Terran
  • League: Platinum
  • Spawn Location: 11:00

demzi - Winner!

  • Race: Zerg Zerg
  • League: Platinum
  • Spawn Location: 5:00

VOD

Have the link to the VOD?

Description

Time

  • Played on: March 24, 2024, 10:42 a.m.
  • Length: 8:25
Show
View Real Time Build Order
Export as new Build Order

VaicaLazair Terran 

Build Orders: Reaper Expand 

Get SALT Encoding   

  12  0:00  SCV  
  13  0:12  SCV  
  14  0:17  Supply Depot  
  14  0:24  SCV  
  15  0:38  SCV  
  15  0:39  Barracks  
  16  0:43  Refinery  
  16  0:50  SCV  
  17  1:03  SCV  
  18  1:15  SCV  
  19  1:27  Orbital Command  
  19  1:30  Reaper  
  20  1:41  Command Center  
  20  1:52  Supply Depot, SCV  
  21  2:04  Factory  
  21  2:08  SCV  
  22  2:09  Marine  
  23  2:20  SCV  
  24  2:32  SCV  
  24  2:40  Command Center  
  24  2:41  Barracks Reactor  
  24  2:44  SCV  
  24  2:48  Hellion  
  27  2:57  Orbital Command  
  27  3:17  SCV  
  28  3:27  Hellion x2, Starport  
  28  3:28  SCV  
  28  3:29  SCV  
  28  3:33  Refinery  
  34  3:40  SCV  
  35  3:46  SCV  
  36  3:49  Hellion x2  
  36  3:50  Barracks Tech Lab  
  36  3:52  SCV  
  41  3:56  Orbital Command  
  41  3:59  SCV  
  42  4:04  SCV  
  43  4:11  SCV  
  43  4:13  Starport Reactor  
  43  4:16  SCV, Widow Mine x2  
  49  4:20  Engineering Bay  
  49  4:22  Engineering Bay  
  49  4:24  Marine  
  49  4:26  Stimpack  
  49  4:27  SCV x2  
  52  4:41  SCV  
  52  4:42  Marine, SCV x2  
  52  4:44  Widow Mine x2  
  60  4:54  SCV  
  61  5:01  SCV x2  
  61  5:04  Supply Depot  
  61  5:06  Terran Infantry Weapons Level 1, Terran Infantry Armor Level 1, SCV  
  64  5:07  Widow Mine x2, Supply Depot  
  64  5:14  SCV  
  69  5:16  Orbital Command  
  69  5:22  Refinery  
  69  5:23  Refinery  
  69  5:26  Marine  
  69  5:27  SCV x2  
  72  5:30  Medivac  
  72  5:34  Supply Depot  
  74  5:36  Supply Depot  
  74  5:39  SCV x2  
  76  5:44  Marine  
  76  5:47  SCV  
  78  5:51  SCV x2  
  80  6:01  Marine  
  81  6:09  Barracks  
  81  6:10  Barracks  
  81  6:11  Barracks  
  81  6:12  Barracks, Combat Shield  
  81  6:15  Widow Mine x2  
  85  6:19  Marine  
  86  6:27  Armory  
  86  6:37  Marine  
  86  6:39  Supply Depot, SCV x3  
  90  6:41  Supply Depot  
  90  6:44  Widow Mine x2  
  94  6:51  SCV x3  
  97  6:55  Marine  
  96  7:03  SCV  
  96  7:06  Barracks Reactor x2, Barracks Tech Lab  
  96  7:07  Barracks Reactor  
  95  7:09  Widow Mine x2  
  99  7:32  Marauder x2  
  99  7:36  Supply Depot  
  103  7:39  Supply Depot, Refinery  
  103  7:40  Refinery  
  103  7:41  Widow Mine x2  
  103  7:42  Marine  
  108  7:44  Marine x5  
  109  7:53  Marine x2  
  106  8:00  Marine  
  106  8:02  Marine x5  
Show
View Real Time Build Order
Export as new Build Order

demzi Zerg - Winner!

Build Orders: Hatch First 

Get SALT Encoding   

  12  0:00  Drone  
  13  0:12  Overlord  
  13  0:16  Drone  
  14  0:31  Drone x2  
  16  0:49  Hatchery  
  15  0:51  Drone  
  15  0:55  Drone  
  17  0:58  Drone  
  18  1:04  Extractor  
  17  1:15  Spawning Pool  
  17  1:17  Drone  
  17  1:22  Drone  
  18  1:28  Drone  
  19  1:39  Drone  
  20  1:49  Overlord  
  20  2:01  Queen  
  20  2:02  Queen  
  20  2:03  Zergling x4  
  26  2:11  Drone x2  
  28  2:22  Overlord  
  27  2:44  Queen  
  27  2:46  Drone x5  
  34  3:00  Drone x2  
  34  3:03  Hatchery  
  35  3:16  Drone x7  
  41  3:21  Overlord  
  41  3:24  Queen  
  43  3:29  Overlord  
  43  3:33  Metabolic Boost  
  43  3:41  Zergling x6  
  44  3:42  Extractor x2  
  44  3:45  Zergling x2  
  44  3:46  Zergling x4  
  44  3:47  Zergling x2  
  48  3:52  Drone x2  
  48  3:53  Drone  
  48  3:54  Drone  
  52  3:57  Drone  
  52  3:59  Drone  
  54  4:05  Queen  
  56  4:15  Drone x3  
  56  4:17  Drone x3  
  62  4:27  Lair  
  62  4:31  Baneling Nest  
  61  4:32  Drone x2  
  61  4:33  Drone, Evolution Chamber  
  61  4:36  Evolution Chamber  
  62  4:46  Zergling x8  
  64  4:58  Drone x2  
  64  4:59  Overlord x3  
  65  5:00  Overlord x2  
  65  5:10  Zerg Missile Weapons Level 1  
  65  5:11  Zerg Ground Armor Level 1  
  65  5:14  Overlord x3  
  65  5:32  Centrifugal Hooks  
  65  5:34  Drone x3  
  65  5:35  Drone x9  
  77  5:38  Extractor  
  77  5:39  Extractor  
  75  5:59  Drone x2  
  75  6:00  Drone x3  
  75  6:01  Drone  
  81  6:05  Zergling x4, Hatchery  
  81  6:06  Zergling x10  
  81  6:08  Baneling  
  81  6:09  Baneling x7, Hydralisk Den  
  86  6:25  Zergling x10  
  91  6:42  Muscular Augments  
  91  6:44  Hatchery  
  90  6:47  Hydralisk  
  90  6:48  Hydralisk x3  
  90  6:50  Zergling x4  
  90  6:51  Zergling x20  
  110  6:58  Overlord  
  110  7:22  Overlord x3  
  110  7:23  Overlord x2  
  110  7:27  Hydralisk x4  
  118  7:34  Drone x7  
  125  7:41  Overlord x3  
Tags
 
Add a new tag
Caveats
  • Supply blocks, unpowered buildings, or Contaminate may cause inaccurate times.
  • Supply counts are checked every 10 seconds.